 Dungeon Crawl Stone Soup version 0.31.0-32-g396128a36d (webtiles) character file.

Game seed: 5853290859961369194

1493 monsoonserge the Cudgeller (level 8, -18/55 HPs)
             Began as an Octopode Cinder Acolyte on Mar 19, 2024.
             Was a High Priest of Ignis.
             Demolished by a shadow (26 damage)
             ... on level 6 of the Dungeon.
             The game lasted 00:12:14 (5464 turns).

monsoonserge the Cudgeller (OpCA)                   Turns: 5464, Time: 00:12:15

Health: -18/55     AC:  1    Str: 21    XL:     8   Next: 80%
Magic:  0/11       EV: 13    Int: 17    God:    Ignis [*****.]
Gold:   273        SH:  0    Dex:  7    Spells: 9/11 levels left

rFire   + . .        a - -1 mace (flame)
rCold   . . .        (no shield)
rNeg    + . .        (helmet restricted)
rPois   .            j - amulet of the acrobat
rElec   .            e - ring of positive energy
rCorr   .            q - +6 ring of strength
SInv    .            (no ring)
Will    .....        (no ring)
Stlth   ++++         (no ring)
HPRegen 0.29/turn    (no ring)
MPRegen 0.12/turn    (no ring)
                     (no ring)

%: acrobat
@: about to teleport
A: almost no armour, amphibious, 8 rings, camouflage 1, gelatinous body 1,
(nimble swimmer 1), tentacles
a: Renounce Religion, Fiery Armour, Foxfire Swarm, Rising Flame


You were on level 6 of the Dungeon.
You worshipped Ignis.
Ignis was extremely pleased with you.
You visited 2 branches of the dungeon, and saw 7 of its levels.

You collected 273 gold pieces.

Inventory:

Hand Weapons
 a - a -1 mace of flaming (weapon)
Missiles
 b - 5 boomerangs
 m - 11 poisoned darts (quivered)
 s - a curare-tipped dart
Jewellery
 e - a ring of positive energy (left tentacle)
 j - an amulet of the acrobat (around mantle)
 q - a +6 ring of strength (right tentacle)
Wands
 o - a wand of polymorph (15)
Scrolls
 d - a scroll of enchant armour
 f - 2 scrolls of revelation
 g - 4 scrolls of vulnerability {unknown}
 p - a scroll of enchant weapon {unknown}
 r - 2 scrolls of immolation
Potions
 h - 4 potions of curing
 i - a potion of ambrosia
 k - a potion of resistance
 l - 2 potions of might {unknown}


   Skills:
 + Level 5.3 Fighting
 + Level 6.8 Maces & Flails
 + Level 4.6 Dodging
 - Level 6.0 Stealth
 - Level 2.0 Spellcasting
 + Level 4.3 Fire Magic


You had 9 spell levels left.
You knew the following spells:

 Your Spells              Type           Power      Damage    Failure   Level
a - Scorch                Fire           32%        2d6       4%          2

Your spell library contained the following spells:

 Spells                   Type           Power      Damage    Failure   Level
 Cigotuvi's Dreadful Rot  Necr/Alch/Air  2%         N/A       28%         2
 Ignite Poison            Fire/Alch      9%         N/A       63%         4
 Leda's Liquefaction      Alch/Erth      0%         N/A       88%         4
 Freezing Cloud           Conj/Ice/Air   0%         6-21      99%         5
 Lee's Rapid Deconstruct  Erth           0%         3d4*      99%         5
 Bombard                  Conj/Erth      0%         9d1       100%        6


Dungeon Overview and Level Annotations

Branches:
Dungeon (6/15)             Temple (1/1) D:4

Altars:
Ashenzari
Cheibriados
Dithmenos
Elyvilon
Fedhas
Gozag
Hepliaklqana
Kikubaaqudgha
Makhleb
Nemelex Xobeh
Okawaru
Qazlal
Sif Muna
Trog
Uskayaw
Vehumet
Wu Jian
Xom
Yredelemnul
Zin
The Shining One

Shops:
D:1 [


Innate Abilities, Weirdness & Mutations

You cannot wear most types of armour.
You are amphibious.
You can wear up to eight rings at the same time.
Your skin changes colour to match your surroundings (Stealth+).
Your rubbery body absorbs attacks. (AC +1, EV +1)
((You are camouflaged when in or above water. (Stealth+)))
You have tentacles for arms and can constrict up to eight enemies at once.


Message History

The jelly is heavily wounded.
The jelly's fire resistance burns away.
The shadow hits you!
Unknown command.
Okay, then.
Casting: Scorch (safe; 5% risk of failure)
Confirm with . or Enter, or press ? or * to list all spells.
Flames lash the jelly.
The jelly is burned terribly!
You kill the jelly!
The shadow completely misses you.
Unknown command.
You closely miss the shadow.
The shadow is lightly damaged.
The shadow hits you!
* * * LOW HITPOINT WARNING * * *
You feel much better.
The shadow is no longer more vulnerable to fire.
The shadow barely misses you.
You hit the shadow. You burn the shadow.
The shadow is moderately damaged.
The shadow misses you.
You barely miss the shadow.
The shadow is moderately damaged.
The shadow hits you.
You hit the shadow but do no damage. Your squeeze misses the shadow.
The shadow is moderately damaged.
The shadow hits you!
* * * LOW HITPOINT WARNING * * *
Casting: Scorch (safe; 4% risk of failure)
Confirm with . or Enter, or press ? or * to list all spells.
Flames lash the shadow.
The shadow is severely damaged.
The shadow's fire resistance burns away.
The shadow slips into darkness.
The shadow flickers and vanishes!
Deactivating autopickup; reactivate with Ctrl-A.
Okay, then.
As you read the scroll of teleportation, it crumbles to dust.
You feel strangely unstable.
The shadow strikes at you from the darkness!
You die...

##..#.# ##.....# .......##..##..#
...............# ###
#......###..### ####.#####
##..........## ##.#...#..#
.............# #######.........#
##....##.....###..#.#....#####<#
.......#..................# #....
..#.............@.........###....
..#....#.......{....#.....##.....
......##............#......#.####
#....)........##...#...†......#
.........................##...#
..#..)...........#.#..........#
#.#..............###..#......###
...............#.........##....#
.##..).........###.##....#.....#


There were no monsters in sight!

Vanquished Creatures
  Eustachio (D:4)
  Edmund (D:4)
  A black bear (D:6)
  An orc warrior (D:5)
  A kobold brigand (D:6)
  A bullfrog (D:6)
  5 scorpions
  A howler monkey (D:6)
  2 bombardier beetles (D:4)
  7 hounds
  Crazy Yiuf (D:3)
  A jelly (D:6)
  Ijyb (D:3)
  2 iguanas
  6 adders
  A white imp (D:6)
  2 ufetubi (D:6)
  3 dart slugs
  2 ribbon worms (D:3)
  13 orcs
  4 endoplasms
  4 giant cockroaches
  12 hobgoblins
  13 kobolds
  4 quokkas
  4 ball pythons
  2 bats
  2 frilled lizards
  4 goblins
  6 rats
108 creatures vanquished.

Notes
Turn   | Place    | Note
-------+----------+-------------------------------------------
     0 | D:1      | monsoonserge the Octopode Cinder Acolyte began the quest
                  | for the Orb.
     0 | D:1      | Reached XP level 1. HP: 16/16 MP: 2/2
   160 | D:1      | Found Mihu's Armour Emporium.
   420 | D:1      | Reached XP level 2. HP: 14/21 MP: 3/3
   711 | D:2      | Reached skill level 1 in Stealth
   839 | D:2      | Reached XP level 3. HP: 22/26 MP: 4/4
  1225 | D:3      | Found an ornate altar of the Wu Jian Council.
  1338 | D:3      | Learned a level 2 spell: Scorch
  1519 | D:3      | Found a faded altar of an unknown god.
  1642 | D:3      | Found a runed translucent door.
  1643 | D:3      | Noticed Crazy Yiuf
  1683 | D:3      | Reached XP level 4. HP: 26/33 MP: 5/5
  1732 | D:3      | Reached skill level 1 in Dodging
  1800 | D:3      | Noticed Ijyb
  1834 | D:3      | Killed Ijyb
  2406 | D:4      | Noticed Eustachio
  2475 | D:4      | Reached XP level 5. HP: 10/37 MP: 6/6
  2584 | D:4      | Found a staircase to the Ecumenical Temple.
  2591 | Temple   | Entered the Ecumenical Temple
  2851 | D:4      | Reached XP level 6. HP: 31/43 MP: 7/7
  2973 | D:4      | Noticed Edmund
  3202 | D:5      | Entered Level 5 of the Dungeon
  3283 | D:5      | Reached skill level 5 in Maces & Flails
  3381 | D:5      | Reached XP level 7. HP: 37/48 MP: 8/8
  3826 | D:5      | Reached skill level 5 in Stealth
  4445 | D:6      | Reached XP level 8. HP: 53/54 MP: 9/9
  4521 | D:6      | Noticed a shadow
  4836 | D:4      | Killed Eustachio
  4837 | D:4      | Reached skill level 5 in Fighting
  4886 | D:4      | Killed Edmund
  5231 | D:3      | Killed Crazy Yiuf
  5464 | D:6      | Demolished by a shadow

Illustrated notes

Levels and vault maps discovered:
D:1:      kennysheep_arrival_seaside, layout_rooms, serial_shops, shop,
          dk_noncrumbling_4
D:2:      layout_rooms
D:3:      layout_loops_corners, old_standard_altar,
          hellmonk_ecumenical_altar_heavens_door, uniq_crazy_yiuf_cottage,
          uniq_ijyb
D:4:      layout_basic, minmay_temple_entry_arrows, uniq_eustachio, uniq_edmund
D:5:      layout_basic, kennysheep_generic_room_13
D:6:      layout_cave_pools, uniq_duvessa
Temple:   nicolae_temple_slightly_damp_pantheon

Skill      XL: |  1  2  3  4  5  6  7  8 |
---------------+-------------------------+-----
Stealth        | 1 2 3 4 5 6 |  6.0
Dodging        | 1 2 3 4 |  4.6
Maces & Flails | 4 5 6 |  6.8
Fighting       | 4 5 |  5.3
Spellcasting   | 2 |  2.0
Fire Magic     | 4 |  4.3

Action                     |  1- 3 |  4- 6 |  7- 9 || total
---------------------------+-------+-------+-------++-------
  Melee: Mace              |    78 |   103 |    84 ||   265
         Constrict         |    15 |    18 |    23 ||    56
         Tentacles         |     8 |    14 |    26 ||    48
         Punch             |       |     2 |       ||     2
   Cast: Scorch            |       |     1 |    27 ||    28
    Use: Scroll            |     4 |       |     4 ||     8
         Potion            |       |       |     3 ||     3
   Stab: Sleeping          |     3 |     3 |     5 ||    11
 Armour: Skin              |    41 |    58 |    56 ||   155
  Dodge: Dodged            |    48 |    64 |    82 ||   194
